 Dungeon Crawl Stone Soup version 0.28.0-53-g5a82cb258f (webtiles) character file.

Game seed: 159421794599539325

102 MiltankisOP the Skirmisher (level 4, -1/38 HPs)
             Began as a Minotaur Earth Elementalist on July 12, 2022.
             Was an Initiate of Cheibriados.
             Slain by an iguana (6 damage)
             ... on level 4 of the Dungeon.
             The game lasted 00:03:21 (2385 turns).

MiltankisOP the Skirmisher (MiEE)                   Turns: 2385, Time: 00:03:21

Health: -1/38      AC:  2    Str: 13    XL:     4   Next: 49%
Magic:  0/6        EV: 12    Int: 15    God:    Cheibriados [......]
Gold:   167        SH:  0    Dex: 12    Spells: 7/8 levels left

rFire   + . .      SeeInvis .   (no weapon)
rCold   . . .      Faith    .   (no shield)
rNeg    . . .      Spirit   .   b - +0 robe
rPois   .          Reflect  .   (helmet restricted)
rElec   .          Harm     .   (no cloak)
rCorr   .          Rampage  .   (no gloves)
Will    .....                   (no boots)
Stlth   ++........              (no amulet)
HPRegen 0.12/turn               d - ring of protection from fire
MPRegen 0.10/turn               (no ring)

@: very slow
A: horns 2, retaliatory headbutt
a: Renounce Religion


You were on level 4 of the Dungeon.
You worshipped Cheibriados.
Cheibriados was noncommittal.
You visited 1 branch of the dungeon, and saw 4 of its levels.

You collected 167 gold pieces.

Inventory:

Hand Weapons
 h - a +2 dagger of speed
Missiles
 c - 104 stones
Armour
 b - a +0 robe (worn)
Jewellery
 d - a ring of protection from fire (left hand)
Scrolls
 f - 4 scrolls of identify {unknown}
 i - a scroll of torment {unknown}
 j - 2 scrolls of teleportation {unknown}
 l - a scroll of summoning {unknown}
Potions
 a - a potion of ambrosia {unknown}
 e - a potion of curing {unknown}
 g - 2 potions of might {unknown}
 k - a potion of degeneration {unknown}
 m - a potion of mutation {unknown}


   Skills:
 + Level 3.4 Fighting
 - Level 2.1 Dodging
 - Level 1.5 Stealth
 + Level 2.5 Spellcasting
 - Level 0.7 Transmutations
 - Level 2.4 Earth Magic


You had 7 spell levels left.
You knew the following spells:

 Your Spells              Type           Power      Damage    Failure   Level
a - Sandblast             Erth           18%        2d7       8%          1

Your spell library contained the following spells:

 Spells                   Type           Power      Damage    Failure   Level
 Passwall                 Tmut/Erth      5%         N/A       17%         2
 Blink                    Tloc           2%         N/A       32%         2
 Sublimation of Blood     Necr           1%         N/A       32%         2
 Stone Arrow              Conj/Erth      10%        3d7       36%         3
 Lesser Beckoning         Tloc           1%         N/A       54%         3
 Petrify                  Tmut/Erth      6%         N/A       73%         4
 Irradiate                Conj/Tmut      1%         3d13      99%         5
 Manifold Assault         Tloc           1%         N/A       99%         5


Dungeon Overview and Level Annotations

Branches:
Dungeon (4/15)
 Temple: D:4-7

Altars:
Cheibriados
Kikubaaqudgha
Nemelex Xobeh
Sif Muna
Uskayaw
Vehumet
Yredelemnul
The Shining One


Innate Abilities, Weirdness & Mutations

You have a pair of horns on your head.
You reflexively headbutt those who attack you in melee.


Message History

Press: ? - help, Shift-Dir - straight line, f/p - iguana
Aim: an iguana (heavily wounded, 81% to hit)
The blast of sand hits the iguana.
The iguana is severely wounded.
The iguana closely misses you.
Casting: Sandblast (safe; 8% risk of failure)
Confirm with . or Enter, or press ? or * to list all spells.
Aiming: Sandblast (safe; 8% risk of failure)
Press: ? - help, Shift-Dir - straight line, f/p - iguana
Aim: an iguana (severely wounded, 81% to hit)
The blast of sand misses the iguana.
The iguana bites you!
Casting: Sandblast (safe; 8% risk of failure)
Confirm with . or Enter, or press ? or * to list all spells.
Aiming: Sandblast (safe; 8% risk of failure)
Press: ? - help, Shift-Dir - straight line, f/p - iguana
Aim: an iguana (severely wounded, 81% to hit)
The blast of sand hits the iguana but does no damage.
The iguana is severely wounded.
The iguana bites you!
You are too injured to fight recklessly!
Casting: Sandblast (safe; 8% risk of failure)
Confirm with . or Enter, or press ? or * to list all spells.
Aiming: Sandblast (safe; 8% risk of failure)
Press: ? - help, Shift-Dir - straight line, f/p - iguana
Aim: an iguana (severely wounded, 81% to hit)
The blast of sand hits the iguana.
The iguana is almost dead.
The iguana hisses menacingly.
The iguana barely misses you.
You closely miss the iguana.
The iguana is severely wounded.
The iguana bites you.
You closely miss the iguana.
The iguana is severely wounded.
The iguana bites you!
* * * LOW HITPOINT WARNING * * *
You closely miss the iguana. Your headbutt misses the iguana.
The iguana is severely wounded.
The iguana bites you.
You die...

##. ... ##..
..! ####..
#.# .....
..#
#..####.#
#.l@..#.#
#.###.#.# #
#.#.# #.#.#
#...# #.#.#
###.# #.#
###.########


You could see an iguana.

Vanquished Creatures
  3 adders (D:2)
  2 worms (D:2)
  A dart slug (D:1)
  An orc (D:4)
  5 ball pythons
  7 bats
  3 endoplasms
  3 giant cockroaches (D:1)
  6 goblins
  5 hobgoblins
  7 jackals
  2 quokkas
  3 frilled lizards
  5 kobolds
  8 rats
61 creatures vanquished.

Notes
Turn   | Place    | Note
-------+----------+-------------------------------------------
     0 | D:1      | MiltankisOP the Minotaur Earth Elementalist began the quest
                  | for the Orb.
     0 | D:1      | Reached XP level 1. HP: 14/14 MP: 1/1
   118 | D:1      | Reached skill level 1 in Fighting
   158 | D:1      | Reached XP level 2. HP: 21/23 MP: 3/3
   320 | D:1      | Reached skill level 2 in Fighting
   582 | D:1      | Reached XP level 3. HP: 20/29 MP: 5/5
   722 | D:1      | Found a faded altar of an unknown god.
  1111 | D:2      | Reached skill level 3 in Fighting
  1133 | D:2      | Reached XP level 4. HP: 31/38 MP: 6/6
  1642 | D:3      | Found a sparkling altar of Nemelex Xobeh.
  2140 | D:3      | Found a glowing golden altar of the Shining One.
  2145 | D:3      | Found a basalt altar of Yredelemnul.
  2147 | D:3      | Found a radiant altar of Vehumet.
  2147 | D:3      | Found an ancient bone altar of Kikubaaqudgha.
  2148 | D:3      | Found a shimmering blue altar of Sif Muna.
  2148 | D:3      | Found a hide-covered altar of Uskayaw.
  2149 | D:3      | Found a snail-covered altar of Cheibriados.
  2156 | D:3      | Became a worshipper of Cheibriados the Contemplative
  2385 | D:4      | Slain by an iguana

Illustrated notes

Levels and vault maps discovered:
D:1:      roderic_dead_forest, layout_rooms,
          shapermc_ecumenical_altar_mp_highgroup
D:2:      layout_basic
D:3:      layout_loops_ring, minitemple, amcnicky_altar_gilded
D:4:      layout_loops_ring, okawaru_altar_gauntlet_db,
          nicolae_ru_the_path_less_chosen, kennysheep_small_square, uniq_pikel

Skill      XL: |  1  2  3 |
---------------+----------+-----
Fighting       | 1 2 3 |  3.4
Spellcasting   | 2 |  2.5
Dodging        | |  2.1
Stealth        | |  1.5
Transmutations | |  0.7
Earth Magic    | |  2.4

Action                   |  1- 3 |  4- 6 || total
-------------------------+-------+-------++-------
Melee: Unarmed           |    67 |     8 ||    75
       Headbutt          |    19 |    10 ||    29
       Dagger            |    23 |    32 ||    55
       Punch             |     1 |       ||     1
 Cast: Sandblast         |       |    11 ||    11
 Stab: Sleeping          |     2 |       ||     2
Armor: Robe              |    15 |     1 ||    16
Dodge: Dodged            |    64 |    25 ||    89
